 Dungeon Crawl Stone Soup version 0.29.1-1-gd02db6906a (webtiles) character file.

Game seed: 2298020767460483868

295 yaboibolshack the Ruffian (level 6, -2/59 HPs)
             Began as a Troll Berserker on Oct 20, 2022.
             Was a Believer of Trog.
             Slain by a gnoll
             ... wielding a +0 halberd
              (10 damage)
             ... on level 4 of the Dungeon.
             The game lasted 00:46:36 (3208 turns).

yaboibolshack the Ruffian (Troll Berserker)         Turns: 3208, Time: 00:46:37

Health: -2/59      AC:  5    Str: 28    XL:     6   Next: 11%
Magic:  5/5        EV: 10    Int:  3    God:    Trog [**....]
Gold:   133        SH:  0    Dex:  9    Spells: 5/5 levels left

rFire   . . .      SeeInvis .     - Unarmed
rCold   . . .      Faith    .   (no shield)
rNeg    . . .      Spirit   .   a - +1 animal skin
rPois   .          Reflect  .   (helmet restricted)
rElec   .          Harm     .   (no cloak)
rCorr   .          Rampage  .   (gloves unavailable)
Will    .....                   (boots unavailable)
Stlth   +.........              (no amulet)
HPRegen 0.99/turn               (no ring)
MPRegen 0.09/turn               (no ring)

@: no status effects
A: large, unfitting armour, claws 3, regeneration 1, shaggy fur 1, tough skin 1
a: Renounce Religion, Berserk, Trog's Hand


You were on level 4 of the Dungeon.
You worshipped Trog.
Trog was pleased with you.
You visited 1 branch of the dungeon, and saw 4 of its levels.

You collected 133 gold pieces.

Inventory:

Hand Weapons
 p - a +0 giant club
Missiles
 j - 12 stones (quivered)
Armour
 a - a +1 animal skin (worn)
Scrolls
 c - a scroll of enchant armour
 e - 3 scrolls of teleportation {unknown}
 f - 2 scrolls of identify {unknown}
 k - 2 scrolls of enchant weapon {unknown}
 o - a scroll of fear {unknown}
Potions
 b - 2 potions of brilliance {unknown}
 d - 2 potions of curing {unknown}
 g - 3 potions of flight {unknown}
 h - a potion of cancellation {unknown}
 i - 2 potions of ambrosia {unknown}
 l - a potion of lignification {unknown}
 m - 2 potions of attraction {unknown}
 n - a potion of mutation {unknown}


   Skills:
 - Level 2.4 Fighting
 - Level 2.4 Dodging
 - Level 0.2 Stealth
 + Level 6.8 Unarmed Combat


You had 5 spell levels left.
You didn't know any spells.
Your spell library contained the following spells:

 Spells                   Type           Power      Damage    Failure   Level
 Gell's Gravitas          Tloc           0%         N/A       88%         3
 Lesser Beckoning         Tloc           0%         N/A       88%         3
 Teleport Other           Tloc           0%         N/A       88%         3


Dungeon Overview and Level Annotations

Branches:
Dungeon (4/15)
 Temple: D:4-7

Altars:
Vehumet


Innate Abilities, Weirdness & Mutations

You are too large for most types of armour.
You have claws for hands.
Your natural rate of healing is unusually fast.
You are covered in fur. (AC +1)
You have tough skin. (AC +1)


Message History

The endoplasm barely misses you. The gnoll hits you but does no damage.
You scratch the endoplasm.
The endoplasm is severely wounded.
The endoplasm hits you. The gnoll closely misses you.
You mangle the endoplasm!!
You kill the endoplasm!
Trog accepts your kill.
The gnoll hits you from afar with a +0 halberd!
The hound pauses to sniff the ground.
The hound misses you. The hound barely misses you. The hound bites you.
The gnoll closely misses you. The hound attacks as you move away!
The hound bites you but does no damage. The gnoll barely misses you.
The hound bites you but does no damage. The hound bites you but does no damage.
The gnoll hits you from afar with a +0 halberd.
The hound attacks as you move away! The hound bites you. x2
You claw the hound!
The hound is heavily wounded.
The hound bites you. x2; The gnoll closely misses you.
You scratch the hound.
The hound is heavily wounded.
The hound bites you.
* * * LOW HITPOINT WARNING * * *
The gnoll closely misses you.
You closely miss the hound. You claw the hound!
You kill the hound!
Trog accepts your kill.
You have reached level 6!
You feel stronger.
The gnoll hits you from afar with a +0 halberd.
* * * LOW HITPOINT WARNING * * *
The gnoll hits you from afar with a +0 halberd!
* * * LOW HITPOINT WARNING * * *
The gnoll barely misses you.
As you read the scroll labelled MIXUGU VOTWAERPH, it crumbles to dust.
It is a scroll of enchant armour.
Your +0 animal skin glows green for a moment.
The gnoll hits you from afar with a +0 halberd!
You die...

.......##.# ###
..#.#....#.#
#.....#....#
..#.....†##
#...#.#..#
..[_......#
.#...#.#..#
...#......##
...#.....#...@# #
....#.#....#.#
#####...........g#
##...........###g#
##.....########.g#
##..........##..##
##...........g.##
##.....)....####
##..........#


You could see 3 gnolls.

Vanquished Creatures
  An ice beast (D:3)
  An ogre (D:4)
  A hound (D:4)
  2 adders
  A gnoll (D:4)
  A worm (D:3)
  4 dart slugs
  5 bats
  8 endoplasms
  2 giant cockroaches
  8 goblins
  4 hobgoblins
  A quokka (D:1)
  2 ball pythons (D:1)
  4 frilled lizards
  5 rats
  A spectral hobgoblin (D:1)
51 creatures vanquished.

Vanquished Creatures (others)
  2 fungi (D:4)
2 creatures vanquished.

Grand Total: 53 creatures vanquished

Notes
Turn   | Place    | Note
-------+----------+-------------------------------------------
     0 | D:1      | yaboibolshack the Troll Berserker began the quest for the
                  | Orb.
     0 | D:1      | Reached XP level 1. HP: 22/22 MP: 0/0
    99 | D:1      | cant wear small armour
   343 | D:1      | Found a faded altar of an unknown god.
   364 | D:1      | Reached XP level 2. HP: 29/29 MP: 1/1
   718 | D:1      | Reached skill level 4 in Unarmed Combat
   854 | D:1      | Reached XP level 3. HP: 36/36 MP: 2/2
  1475 | D:2      | Reached ** piety under Trog
  2120 | D:3      | Noticed an ice beast
  2126 | D:3      | Killed an ice beast
  2127 | D:3      | Reached skill level 5 in Unarmed Combat
  2127 | D:3      | Reached XP level 4. HP: 8/44 MP: 3/3
  2127 | D:3      | Reached XP level 5. HP: 9/50 MP: 4/4
  3072 | D:4      | Found a radiant altar of Vehumet.
  3073 | D:4      | Noticed an ogre
  3086 | D:4      | Killed an ogre
  3087 | D:4      | Reached skill level 6 in Unarmed Combat
  3200 | D:4      | Reached XP level 6. HP: 18/59 MP: 5/5
  3202 | D:4      | HP: 2/59 [gnoll/+0 halberd (14)]
  3208 | D:4      | Slain by a gnoll

Illustrated notes

#######+####
#......@...#
###..........####
#................
###.####.#..........####
................#.......
#.#####.#####)#...######
#.# #.#...# ###.###
###.#.# #.....# ..#.#


Turn 99 on D:1: cant wear small armour

Levels and vault maps discovered:
D:1:      evilmike_arrival_hilbert_curve, layout_basic,
          dreamdust_ecumenical_altar_drowned_temple
D:2:      layout_rooms
D:3:      layout_basic, saegor_snake_ambush
D:4:      layout_basic, okawaru_gym_becter, nicolae_vehumet_radiance,
          serial_shops, nicolae_square_shop, dreamdust_gnoll_farm

Skill      XL: |  1  2  3  4  5 |
---------------+----------------+-----
Unarmed Combat | 4 5 6 |  6.8
Fighting       | |  2.4
Dodging        | |  2.4
Stealth        | |  0.2

Action                   |  1- 3 |  4- 6 || total
-------------------------+-------+-------++-------
Melee: Unarmed           |    75 |    29 ||   104
       Punch             |     4 |     1 ||     5
Invok: Berserk           |       |     1 ||     1
  Use: Scroll            |       |     1 ||     1
Armor: Animal skin       |    22 |    14 ||    36
Dodge: Dodged            |    39 |    21 ||    60
